 Dungeon Crawl Stone Soup version 0.28-a0-1382-g92835e5c71 (webtiles) character file.

Game seed: 17816794149836310672

467 avis the Insei (level 7, -5/46 HPs)
             Began as an Octopode Transmuter on Jan 1, 2022.
             Was an Initiate of Gozag.
             Slain by an ogre (21 damage)
             ... on level 4 of the Dungeon.
             The game lasted 00:32:07 (6574 turns).

avis the Insei (Octopode Transmuter)                Turns: 6574, Time: 00:32:07

Health: -5/46      AC:  2    Str: 11    XL:     7   Next: 8%
Magic:  17/20      EV: 23    Int: 16    God:    Gozag
Gold:   208        SH:  0    Dex: 17    Spells: 2/12 levels left

rFire   . . .      SeeInvis .     - Unarmed
rCold   . . .      Faith    .   (shield currently unavailable)
rNeg    + . .      Spirit   .   (helmet currently unavailable)
rPois   x          Reflect  .   (no amulet)
rElec   .          Harm     .   h - +4 ring of evasion
rCorr   .          Rampage  .   y - ring of magical power
Will    .....                   p - ring of positive energy
Stlth   ++........              (no ring)
HPRegen 0.15/turn               (no ring)
MPRegen 0.17/turn               (no ring)
                                (no ring)
                                (no ring)

@: spider-form (expiring), gold aura
A: venomous fangs, almost no armour, (amphibious), 8 rings, tiny, (camouflage
1), (gelatinous body 1), (nimble swimmer 1), (tentacles)
a: End Transformation, Renounce Religion, Potion Petition, Call Merchant, Bribe
Branch


You were on level 4 of the Dungeon.
You worshipped Gozag.
Gozag was aware of your devotion.
You were a venomous arachnid creature.
You visited 2 branches of the dungeon, and saw 5 of its levels.

You collected 264 gold pieces.
You paid 56 gold pieces to Gozag.

Inventory:

Hand Weapons
 b - a +2 hunting sling of flaming (melded)
 f - a +1 whip of electrocution
 s - a +3 dagger of speed
Missiles
 a - 135 stones
 d - 17 poisoned darts
 e - 10 sling bullets
Jewellery
 h - a +4 ring of evasion (left front leg)
 p - a ring of positive energy (on tentacle)
 y - a ring of magical power (right front leg)
Wands
 i - a wand of iceblast (8)
 v - a wand of digging (3)
Scrolls
 g - 3 scrolls of fog {unknown}
 k - a scroll of silence {unknown}
 t - 2 scrolls of fear {unknown}
Potions
 c - a potion of ambrosia
 j - a potion of degeneration {unknown}
 l - 3 potions of curing
 m - a potion of haste {unknown}
 n - 2 potions of berserk rage
 o - a potion of brilliance {unknown}
 q - a potion of magic {unknown}
 r - a potion of resistance {unknown}
 u - 2 potions of heal wounds
 w - a potion of attraction {unknown}


   Skills:
 - Level 3.0 Fighting
 - Level 2.0 Dodging
 - Level 3.0 Stealth
 * Level 5.5 Unarmed Combat
 - Level 3.0 Spellcasting
 - Level 3.0 Transmutations
 - Level 2.0 Poison Magic


You had 2 spell levels left.
You knew the following spells:

 Your Spells              Type           Power      Damage    Failure   Level
a - Beastly Appendage     Tmut           24%        N/A       16%         1
e - Wereblood             Tmut           12%        N/A       22%         2
p - Spider Form           Tmut/Pois      10%        N/A       41%         3
q - Ice Form              Ice/Tmut       7%         N/A       86%         4

Your spell library contained the following spells:

 Spells                   Type           Power      Damage    Failure   Level


Dungeon Overview and Level Annotations

Branches:
Dungeon (4/15)             Temple (1/1) D:4

Altars:
Ashenzari
Cheibriados
Elyvilon
Fedhas
Gozag
Hepliaklqana
Kikubaaqudgha
Makhleb
Nemelex Xobeh
Okawaru
Qazlal
Ru
Sif Muna
Trog
Uskayaw
Vehumet
Wu Jian
Xom
Yredelemnul
Zin
The Shining One


Innate Abilities, Weirdness & Mutations

You are a venomous arachnid creature.
You have poisonous fangs.
You are tiny and dextrous.
Your spellcasting is less reliable in this form.
Your armour is entirely melded.
You are incapable of wielding weapons or throwing items.
You cannot wear most types of armour.
((You are amphibious.))
You can wear up to eight rings at the same time.
((Your skin changes colour to match your surroundings (Stealth+).))
((Your rubbery body absorbs attacks. (AC +1, EV +1)))
((You are camouflaged when in or above water. (Stealth+)))
((You have tentacles for arms and can constrict up to eight enemies at once.))


Message History

You open the door. 5 goblins and an ogre come into view.
Found 2 large rocks.
Aiming: Iceblast
Press: ? - help, Shift-Dir - straight line, f - goblin
Aim: a goblin, wielding a +0 dagger (asleep)
The mass of ice explodes!
The iceblast engulfs the goblin!
You kill the goblin!
The iceblast engulfs the goblin!
You kill the goblin!
You feel a bit more experienced.
The iceblast engulfs the goblin!
You kill the goblin!
You feel a bit more experienced.
The iceblast engulfs the goblin!
You kill the goblin!
You hear a shout!
The ogre shouts!
The goblin shouts!
A goblin comes into view. It is wielding a +0 dagger.
The goblin is distracted by your dazzling golden aura.
Aiming: Iceblast
Press: ? - help, Shift-Dir - straight line, f - ogre
Aim: an ogre, wielding a +0 giant spiked club The mass of ice explodes!
The iceblast engulfs the ogre!
The ogre is heavily wounded.
The iceblast engulfs the goblin!!
You kill the goblin!
You hear a shout!
Casting: Spider Form (dangerous; 21% risk of failure)
Confirm with . or Enter, or press ? or * to list all spells.
You turn into a venomous arachnid creature.
Your +2 hunting sling of flaming melds into your body.
Your +2 hunting sling of flaming stops flaming.
The ogre hits you with a +0 giant spiked club!!
Ouch! That really hurt!
You hit the ogre but do no damage.
The ogre is poisoned.
The ogre is moderately wounded.
You hit the ogre.
The ogre looks as sick as possible!
The ogre is heavily wounded.
Your transformation is almost over.
The ogre hits you with a +0 giant spiked club!!
You die...
Your body crumbles into a pile of gold.

.....###.#......#
...###...##.....###
.#........#.......#
...##..>..##......#
....#.......)#....#
....##...###......#
###..#.###........#######
#....#.#................#
...............#s.......#
......#........#O.......#
...............#........#
..#######......#........#
..# #......#.g#####.# ..#
########.$# #.# ###
#..'$g.#.# # #..#$$g#.# #
##########


You could see an ogre (extremely poisoned) and a goblin.

Vanquished Creatures
  An ogre (D:4)
  2 orc priests (D:3)
  An iguana (D:4)
  4 orc wizards
  7 adders
  2 worms (D:2)
  3 dart slugs (D:3)
  13 orcs
  7 endoplasms
  6 giant cockroaches
  17 goblins
  8 hobgoblins
  4 jackals (D:1)
  9 kobolds
  2 quokkas (D:2)
  9 ball pythons
  7 bats
  2 frilled lizards (D:1)
  6 rats
110 creatures vanquished.

Notes
Turn   | Place    | Note
-------+----------+-------------------------------------------
     0 | D:1      | avis the Octopode Transmuter began the quest for the Orb.
     0 | D:1      | Reached XP level 1. HP: 13/13 MP: 3/3
    89 | D:1      | Reached skill level 1 in Stealth
   515 | D:1      | Reached XP level 2. HP: 19/19 MP: 3/5
  1144 | D:1      | Reached XP level 3. HP: 25/25 MP: 4/6
  1148 | D:1      | Learned a level 3 spell: Spider Form
  1262 | D:1      | You fall into a shaft and drop 1 floor!
  2297 | D:2      | Reached XP level 4. HP: 31/31 MP: 5/7
  2394 | D:2      | Found a sparkling altar of Nemelex Xobeh.
  2650 | D:2      | Reached skill level 1 in Poison Magic
  3712 | D:2      | Reached XP level 5. HP: 22/36 MP: 5/8
  4158 | D:3      | Reached skill level 4 in Unarmed Combat
  4420 | D:3      | Reached XP level 6. HP: 39/42 MP: 6/9
  4438 | D:3      | Found a faded altar of an unknown god.
  4508 | D:3      | Reached skill level 5 in Unarmed Combat
  4536 | D:3      | Learned a level 4 spell: Ice Form
  5366 | D:4      | Found a staircase to the Ecumenical Temple.
  5423 | Temple   | Entered the Ecumenical Temple
  5938 | Temple   | Became a worshipper of Gozag Ym Sagoz the Greedy
  5989 | Temple   | Learned a level 2 spell: Wereblood
  6174 | D:4      | Found an ancient bone altar of Kikubaaqudgha.
  6210 | D:4      | Reached XP level 7. HP: 20/46 MP: 11/11
  6574 | D:4      | Slain by an ogre

Illustrated notes

Levels and vault maps discovered:
D:1:      nzn_arrival_depleted_hourglass, layout_loops_corners,
          minmay_close_crescents
D:2:      kb_forest_paths, layout_loops_corners, basic_altar,
          minmay_misc_feat_plants, grunt_decor_one_mirror
D:3:      cheibrodos_pilgrimage, layout_rooms,
          ebering_ecumenical_altar_petrified
D:4:      layout_basic, kennysheep_mini_moat, minmay_temple_entry_slanted,
          minmay_ogre_servants
Temple:   mainiacjoe_temple_big_plus

Skill      XL: |  1  2  3  4  5  6 |
---------------+-------------------+-----
Stealth        | 1 2 3 |  3.0
Fighting       | 2 3 |  3.0
Poison Magic   | 2 |  2.0
Unarmed Combat | 4 5 |  5.5
Spellcasting   | 3 |  3.0
Transmutations | 3 |  3.0
Dodging        | |  2.0

Action                   |  1- 3 |  4- 6 |  7- 9 || total
-------------------------+-------+-------+-------++-------
Melee: Unarmed           |    72 |   102 |     2 ||   176
       Kick              |    16 |     2 |       ||    18
       Constrict         |    17 |     3 |       ||    20
       Tentacles         |    15 |     3 |       ||    18
       Punch             |     1 |       |       ||     1
 Fire: Hunting sling     |     7 |    69 |     1 ||    77
 Cast: Beastly Appendage |    27 |     6 |       ||    33
       Spider Form       |       |    23 |     1 ||    24
Evoke: Wand              |       |       |     2 ||     2
  Use: Potion            |       |     1 |       ||     1
       Scroll            |       |     3 |       ||     3
 Stab: Sleeping          |     5 |     5 |       ||    10
Armor: Skin              |     9 |     1 |       ||    10
Dodge: Dodged            |    34 |    97 |       ||   131

Table legend: (Time is in decaauts)
 A = Elapsed time spent in this place.
 B = Non-inter-level travel time spent in this place.
 C = Inter-level travel time spent in this place.
 D = Time resting spent in this place.
 E = Time spent auto-exploring this place.
 F = Levels seen in this place.
 G = Mean time per level.
                   A        B        C        D        E       F      G
               +--------+--------+--------+--------+--------+-----+--------+
         Total |   6582 |   6073 |    509 |   2079 |   2455 |   5 | 1316.4 |
       Dungeon |   6015 |   5578 |    437 |   2079 |   1980 |   4 | 1503.8 |
        Temple |    567 |    495 |     72 |      0 |    475 |   1 |  567.0 |
               +--------+--------+--------+--------+--------+-----+--------+

Top non-repeatable levels by time:
     D:2: 2257 daAuts
     D:1: 1832 daAuts
     D:3: 1114 daAuts
     D:4: 810 daAuts
  Temple: 567 daAuts
